[Event "LLB"]
[Site "?"]
[Date "2009.01.31"]
[Round "?"]
[White "Paulitsch, Josef"]
[Black "Grundner, Alois"]
[Result "1/2-1/2"]
[ECO "D46"]
[WhiteElo "1845"]
[BlackElo "1890"]
[Annotator ",lois"]
[PlyCount "98"]
[TimeControl "240+2"]

{157MB, Fritz10.ctg, NAME-65104D6971} 1. d4 Nf6 2. Nf3 e6 3. c4 d5 4. Nc3 c6 5.
e3 Bd6 6. Bd3 Nbd7 7. O-O O-O {letzter Buchzug} 8. Re1 e5 9. dxe5 Nxe5 10. Nxe5
Bxe5 11. Be2 ({-1.06 Fritz 10:} 11. cxd5 cxd5 12. Bd2 Re8 13. Rc1 Ne4 14. Qh5
g6 ) 11... Be6 12. cxd5 Bxc3 ({0.03 Fritz 10:} 12... Nxd5 13.
Nxd5 Bxd5 14. f4 Bd6 15. Bd3 f5 16. Qc2 Qf6 17. Bd2 Rae8 18. Bc3 ) 13. bxc3 Nxd5 14. Qc2 Qf6 15. Bb2 Qg5 16. Rad1 h5 ({0.84 Fritz 10:} 16...
Bf5 17. Bd3 Bxd3 18. Qxd3 Rad8 19. c4 Nb6 20. Qc2 c5 21. Rxd8 )
17. a3 h4 18. c4 Bf5 19. Bd3 Ne7 20. Bxf5 Nxf5 21. h3 Rad8 22. Qc3 Rfe8 23.
Rxd8 Rxd8 24. Qe5 Qg6 ({1.54 Fritz 10:} 24... Rd6 25. c5 Rg6 26. Qe4 Re6 27.
Qf3 b5 28. Rd1 Nh6 29. Bd4 Nf5 30. Bc3 ) 25. e4 Nh6 26. Qe7 Qd6
27. Qxh4 f6 28. Re3 Nf7 29. Rg3 Ne5 30. f4 {Dieser Zug verliert sofort!} ({-13.
53 Fritz 10:} 30. c5 Qe7 31. Bxe5 Qxe5 32. Qg4 Qe7 33. Rb3 Rd2 34. Qc8+ Kh7 35.
Qf5+ Kg8 ) 30... Nxc4 ({Das wäre der einfachste und schnellste
Gewinn gewesen:} 30... Qc5+ 31. Kh2 Rd1 32. Rxg7+ Kxg7 33. Qg3+ Kf8 34. Qc3
Qg1+ 35. Kg3 Rd3+ 36. Qxd3 Nxd3 37. Bxf6 Qf2+ 38. Kg4 Qxf4+ 39. Kh5 Qxf6 ) 31. Bxf6 Rd7 32. Qg5 {Die Dame gehört auf h6, dann gewinnt
wieder Weiß.} ({-2.68 Fritz 10:} 32. Qh6 Qc7 33. Qg6 Qxf4 34. Bxg7 Qxg3 35.
Qxg3 Rxg7 ) 32... Qd1+ 33. Kh2 Nd2 34. h4 Nxe4 {Noch stärker
wäre Sf1+!} ({-2.12 Fritz 10:} 34... Nf1+ 35. Kh3 Nxg3 36. Kxg3 Qg1 37. h5 Rd3+
38. Kg4 Qxg2+ 39. Kf5 Qh3+ 40. Ke5 Rg3 41. Qf5 Qxf5+ ) 35. Qg6
Nxg3 36. Qxg3 Kh7 37. Be5 Qh5 {Zeitnotzüge!} 38. Kh3 Qf5+ 39. Kh2 Qh5 ({0.00
Fritz 10:} 39... c5 40. a4 b6 41. Kg1 Qc2 42. Qg5 Rd1+ 43. Kh2 Qg6 44. Qxg6+ ) 40. Kh3 Qf5+ 41. Kh2 c5 42. Qc3 ({-3.48 Fritz 10:} 42. a4 b6
43. Kg1 Qc2 44. Qg5 Rd1+ 45. Kh2 Qg6 46. Qxg6+ ) 42... Qg4 43.
Qc2+ Kh6 44. Qf2 b6 45. f5 Rd3 {Ein Fehlerzug, der eigentlich die Partie
kosten hätte müssen!} ({-1.08 Fritz 10:} 45... Rf7 46. f6 gxf6 47. g3 Kg6 48.
Bc3 c4 49. Qe3 b5 50. Kg2 Rd7 51. Qe8+ ) (45... Rd5 46. Bf4+
Kh7 47. f6 gxf6 48. Bb8 Qd4 49. Qe1 Rd7 50. Bg3 Qg4 51. Qf2 f5 52. Qe3 c4 53.
Be1 b5 54. Qf2 Rd4 55. Kg1) 46. f6 gxf6 47. Qxf6+ Qg6 (47... Kh7 48. Qh8+ Kg6 49. Qg7+ Kf5 50. Qd7+) 48. Qh8+ Qh7 49. Qf6+ {Und mit diesem
Zug verschenkt Weiß wieder die Möglichkeit zum Sieg!! So wäre die Partie zu
gewinnen gewesen:} ({0.00 Fritz 10:} 49. Qf8+ Kh5 50. Qf6 {[%eval 301,12]
droht Matt} Qg6 51. g4+ Qxg4 52. Qh8+ Kg6 53. Qg8+ Kf5 (53... Kh5 54. Qh7#) 54.
Qc8+ Kxe5 55. Qxg4 Rxa3) 49... Qg6 {und die beiden Partner einigen sich (zu
Unrecht) auf Remis! Eine "Komödie der Irrungen"!} 1/2-1/2

[Event "Lienz Open"]
[Site "?"]
[Date "2009.02.10"]
[Round "?"]
[White "Siebenhuener, Michael"]
[Black "Grundner, Aois"]
[Result "1-0"]
[ECO "B01"]
[WhiteElo "2055"]
[BlackElo "1890"]
[Annotator ",lois"]
[PlyCount "105"]
[TimeControl "240+2"]

{157MB, Fritz10.ctg, NAME-65104D6971} 1. e4 d5 2. exd5 Nf6 3. Bb5+ Bd7 4. Bc4
b5 5. Bb3 Bg4 6. f3 Bc8 {letzter Buchzug} 7. a4 b4 8. d4 Nxd5 9. Ne2 e6 10. O-O
Bb7 11. c4 bxc3 12. bxc3 a5 13. c4 Nb4 14. Be3 Be7 15. Nbc3 Nd7 16. Qd2 Nf6 17.
Rfd1 O-O 18. Rac1 Qd7 19. Nf4 Rfd8 20. Qf2 Bd6 21. Nd3 Bc6 ({0.96 Fritz 10:} 
21... Nxd3 22. Rxd3 Bf8 23. Nb5 Rab8 24. Bf4 Rdc8 25. Qe1 Bb4 26. Qe5 Bc6 27.
Nxc7 Bxa4 28. Bxa4 ) 22. Nb5 ({0.41 Fritz 10:} 22. Ne5 Qe8 23.
Qg3 Rab8 24. Nb5 Ba8 25. Bg5 Kh8 26. Rb1 Qe7 27. Nxd6 cxd6 28. Ng4 Bc6 29. Nxf6
gxf6 30. Bh4 Rg8 31. Qf4 Rg6 {[%emt 0:00:44] (Kg7)} 32. Bc2 ) 22... h6 ({1.51 Fritz 10:} 22... Nxd3 23. Rxd3
Rdc8 24. Nxd6 cxd6 25. Ra1 Rab8 26. Qe1 d5 27. c5 Qc7 28. Bd2 Ra8 29. Qg3 Qxg3 ) 23. Ne5 Qe8 24. Nd3 ({0.00 Fritz 10:} 24. Qg3 Kh8 25. Nxd6
cxd6 26. Nxc6 Nxc6 27. Qh4 Rab8 28. Rb1 e5 29. Re1 Qd7 30. dxe5 dxe5 31. Bxh6
gxh6 ) 24... Nxd3 ({0.87 Fritz 10:} 24... Qd7 )
25. Rxd3 Rd7 26. Rcd1 Bb4 27. Qg3 Bxb5 28. axb5 Kh8 ({1.64 Fritz 10:} 28... a4
29. Ba2 Bd6 30. f4 Qd8 31. Qf3 a3 32. c5 Bf8 ) 29. Ba4 Re7 30.
Qh4 Nh7 31. f4 Qd8 32. Bc1 Rd7 33. Qf2 Nf6 34. Bb2 Ne4 35. Qc2 Rd6 36. Bb3 ({
1.40 Fritz 10:} 36. Rh3 f5 37. Qe2 Rb8 38. Bc2 c6 39. bxc6 Rxc6 40. Bxe4 fxe4
41. Qxe4 Rxc4 42. Qe5 Kh7 43. Qxe6 ) 36... Qh4 ({1.96 Fritz 10:
} 36... c5 37. d5 a4 38. Bxa4 exd5 39. Rxd5 Nd2 40. Rxd6 Qxd6 41. f5 Qf4 42.
Bc1 Rd8 43. f6 gxf6 ) 37. g3 ({1.12 Fritz 10:} 37. Rh3 Qxf4 38.
Rf1 Qg4 39. Rxf7 Ng5 40. Rg3 Qxg3 41. hxg3 Nxf7 42. c5 Rdd8 43. Qg6 Rf8 44. b6
cxb6 45. Bxe6 Ng5 46. cxb6 ) 37... Qe7 ({1.62 Fritz 10:} 37...
Qh3 38. Re3 Nf6 39. Ba4 Ng4 40. Rf3 Nf6 41. f5 Qh5 42. Rf4 Re8 43. b6 ) 38. Qg2 f5 39. Ba4 ({1.04 Fritz 10:} 39. Re3 Qd8 40. Bc2 Nf6 41. Ba4
Ne4 42. g4 Qh4 43. Bc2 a4 44. Rh3 Qf6 ) 39... Rad8 40. Qf3 Qd7 41. Bc2 Qf7 ({1.41 Fritz 10:} 41... c6 42. c5
Rd5 43. b6 a4 44. g4 Ra8 45. Ra1 Nd2 46. Qe2 ) 42. Kg2 ({1.03 Fritz 10:} 42. Re3 Nf6 43. h3 Qd7 44. g4 c6 45. Ba4 c5 46. gxf5 ) 42... R6d7 43. Qe2 Qg6 ({So hätte man die Partie vielleicht
noch einmal drehen können:} 43... e5 44. fxe5 Qxc4 45. Re3 Qxe2+ 46. Rxe2 Bc3
47. e6 Re7 48. Bxe4 Bxb2 49. Bxf5 Rxd4 ) 44. Re3 Kg8 45. Bxe4
fxe4 46. Rxe4 Kf7 ({2.89 Fritz 10:} 46... Rd6 47. Re5 c5 48. h3 R8d7 49. Rf1
Rc7 50. d5 exd5 51. cxd5 Kh7 52. f5 Qg5 ) 47. h4 h5 48. Re5 Rh8
({8.75 Fritz 10:} 48... Qg4 49. Qc2 Be7 50. f5 exf5 51. Rxf5+ )
49. Rg5 Qh6 50. d5 Bf8 ({18.49 Fritz 10:} 50... Re7 51. Rxg7+ Ke8 52. Rxe7+
Kxe7 53. dxe6 Rd8 54. f5 Rxd1 55. f6+ Ke8 ) 51. dxe6+ Qxe6 52.
Qxe6+ Kxe6 53. Re5+ 1-0

[Event "Lienz Open"]
[Site "?"]
[Date "2009.02.07"]
[Round "1"]
[White "Dettler, Dr., Thomas"]
[Black "Grundner, Alois"]
[Result "1-0"]
[ECO "D05"]
[WhiteElo "2095"]
[BlackElo "1890"]
[Annotator ",lois"]
[PlyCount "39"]
[TimeControl "240+2"]

{157MB, Fritz10.ctg, NAME-65104D6971} 1. b3 d5 2. Bb2 e6 3. e3 Nf6 4. Nf3 Be7
5. d4 Nbd7 6. Nbd2 O-O 7. Bd3 c5 8. O-O b6 9. Qe2 Bb7 10. Rfd1 Ne4 11. Bxe4
dxe4 12. Ne5 Nxe5 ({Fritz 10:} 12... cxd4 13. exd4 f5 14. Ndc4 Rc8 15. Nxd7
Qxd7 16. Ne5 Qd6 17. a4 f4 18. Ba3 f3 19. Qe3 Qc7 ) 13. dxe5 Qe8
14. Qg4 f5 15. exf6 Bxf6 16. Bxf6 Rxf6 17. Nc4 Bd5 18. Ne5 Rf5 ({Fritz 10:} 
18... Qe7 19. c4 Qd6 20. Qg3 Rf5 21. Ng4 Qxg3 22. hxg3 Bb7 23. Rd7 Bc8 24. Rd8+
Kf7 25. Rad1 ) 19. Rxd5 h5 20. Qxe4 1-0

[Event "Lienz Open"]
[Site "?"]
[Date "2009.02.08"]
[Round "2"]
[White "Grundner, Alois"]
[Black "Hackbarth, Christa"]
[Result "1-0"]
[ECO "D15"]
[WhiteElo "1890"]
[BlackElo "1908"]
[Annotator ",lois"]
[PlyCount "95"]
[TimeControl "240+2"]

{157MB, Fritz10.ctg, NAME-65104D6971} 1. d4 d5 2. c4 c6 3. Nf3 Nf6 4. Nc3 Bf5
5. Qb3 b6 6. e3 e6 7. cxd5 exd5 8. Be2 Bd6 9. O-O O-O 10. Ne5 Re8 11. f4 Ne4
12. Bf3 Be6 13. Qc2 f5 14. Bh5 g6 15. Nxe4 dxe4 16. Be2 Qc8 17. Bc4 Bxe5 18.
fxe5 Bxc4 19. Qxc4+ Qe6 20. b3 Nd7 21. Bb2 Rac8 22. Rac1 Qd5 23. Rf2 Kf7 24.
Rfc2 Ke6 25. Qa6 Rc7 26. Ba3 Nb8 27. Qa4 Rcc8 28. Bd6 c5 29. dxc5 bxc5 30. Rxc5
Qd3 31. Qc4+ Qxc4 32. R1xc4 Rxc5 33. Rxc5 Nd7 34. Rc7 a5 35. Ra7 Nxe5 36. Bxe5
Kxe5 37. Rxa5+ Ke6 38. Rc5 Rd8 39. Rc2 Rd3 40. Kf2 g5 41. g3 h5 42. Ke2 Kd5 43.
Rd2 f4 44. gxf4 g4 45. Rxd3+ exd3+ 46. Kxd3 h4 47. e4+ Ke6 48. Ke3 1-0

[Event "Lienz Open"]
[Site "?"]
[Date "2009.02.08"]
[Round "3"]
[White "Nohl, Hansjörg"]
[Black "Grundner, Alois"]
[Result "1/2-1/2"]
[ECO "D60"]
[WhiteElo "2040"]
[BlackElo "1890"]
[Annotator ",lois"]
[PlyCount "36"]
[TimeControl "240+2"]

{157MB, Fritz10.ctg, NAME-65104D6971} 1. d4 Nf6 2. Nf3 e6 3. c4 d5 4. Nc3 c6 5.
Bg5 Nbd7 6. e3 Be7 7. Bd3 a6 8. O-O O-O 9. a4 b6 10. Qc2 Bb7 11. b3 h6 12. Bh4
c5 13. Qe2 cxd4 14. exd4 Ne4 15. Bxe7 Nxc3 16. Bxd8 Nxe2+ 17. Bxe2 Rfxd8 18.
Rac1 Rac8 1/2-1/2

[Event "Lienz Open"]
[Site "?"]
[Date "2009.02.09"]
[Round "4"]
[White "Grundner, Alois"]
[Black "Unterrainer, Manuel"]
[Result "1-0"]
[ECO "E32"]
[WhiteElo "1890"]
[BlackElo "2034"]
[Annotator ",lois"]
[PlyCount "49"]
[TimeControl "240+2"]

{157MB, Fritz10.ctg, NAME-65104D6971} 1. d4 Nf6 2. c4 e6 3. Nc3 Bb4 4. Qc2 b6
5. e4 Bb7 6. Bd3 Nc6 7. Nf3 Be7 8. a3 e5 9. Ne2 ({Fritz 10:} 9. d5 Nd4 10. Nxd4
exd4 11. Nb5 c6 12. Nxd4 cxd5 13. exd5 O-O 14. O-O Qc7 15. Be3 Rfe8 16. Nf5 ) 9... h5 10. d5 Nd4 11. Nexd4 exd4 12. Nxd4 Ng4 13. O-O Bd6 14.
Nf3 h4 15. e5 h3 16. exd6 hxg2 17. Re1+ Kf8 18. Bg5 Nxh2 19. Be7+ Kg8 20. Bxd8
Nxf3+ 21. Kxg2 Nxe1+ 22. Rxe1 Rxd8 23. dxc7 Rc8 24. Qe2 Rxc7 25. Qe8# 1-0

[Event "Lienz Open"]
[Site "?"]
[Date "2009.02.11"]
[Round "6"]
[White "Grundner, Alois"]
[Black "Walkner, Karl"]
[Result "1-0"]
[ECO "D61"]
[WhiteElo "1890"]
[BlackElo "2042"]
[Annotator ",lois"]
[PlyCount "81"]
[TimeControl "240+2"]

{157MB, Fritz10.ctg, NAME-65104D6971} 1. d4 Nf6 2. c4 e6 3. Nc3 d5 4. Nf3 Be7
5. Bg5 Nbd7 6. e3 c6 7. Bd3 O-O 8. O-O Re8 9. Qc2 dxc4 10. Bxc4 b5 11. Bd3 h6
12. Bh4 a6 13. Ne4 Bb7 14. Nxf6+ Bxf6 15. Bxf6 Nxf6 16. Ne5 Qd6 17. Rac1 Rec8
18. Qc5 Qc7 19. Rc2 Nd5 20. Rfc1 Qe7 21. a3 Qxc5 22. Rxc5 Ne7 23. Be4 f6 24.
Nxc6 Bxc6 25. Bxc6 Rxc6 26. Rxc6 Nxc6 27. Rxc6 Kf7 28. Kf1 g5 29. Ke2 h5 30. f3
Ra7 31. Kd3 Ke7 32. e4 Kd7 33. d5 exd5 34. exd5 Ke7 35. Ke4 a5 36. Kf5 b4 37.
d6+ Kd7 38. Rc7+ Rxc7 39. dxc7 bxa3 40. bxa3 Kxc7 41. Kxf6 1-0

[Event "Lienz Open"]
[Site "?"]
[Date "2009.02.12"]
[Round "7"]
[White "Groiss, Karl"]
[Black "Grundner, Alois"]
[Result "1-0"]
[ECO "D53"]
[WhiteElo "2049"]
[BlackElo "1890"]
[Annotator ",lois"]
[PlyCount "109"]
[TimeControl "240+2"]

{157MB, Fritz10.ctg, NAME-65104D6971} 1. d4 Nf6 2. c4 e6 3. Nc3 d5 4. Bg5 c6 5.
e3 Nbd7 6. Nf3 Be7 7. c5 Ne4 8. Bxe7 Qxe7 ({Etwas besser wäre:} 8... Nxc3 9.
Bxd8 Nxd1 10. Rxd1 Kxd8 11. Bd3 f6 12. e4 dxe4 13. Bxe4 Ke7 14. Ke2 h6 15. h4
Rd8 16. Rhe1 Rb8 ) 9. Nxe4 dxe4 10. Nd2 f5 11. Bc4 O-O 12. O-O
Nf6 13. f4 Nd5 14. Qe2 Kh8 15. a3 g5 16. fxg5 Qxg5 17. Rae1 Bd7 18. Bxd5 cxd5
19. Rf4 Rf6 20. Kh1 Rg8 21. Qf2 Rh6 22. Rg1 Qg3 23. Qxg3 Rxg3 24. Nf1 Rg4 (
24... Rg5 25. Nd2 Kg7 26. g3) 25. Rxg4 fxg4 26. Ng3 Rf6 27. Rf1 Rxf1+ 28. Nxf1
Kg7 29. Ng3 Kg6 30. Ne2 Kf5 31. Ng3+ Kg5 32. Kg1 h5 33. Kf2 h4 34. Ne2 Kf5 35.
Nc3 Kf6 36. b4 Ke7 37. Ne2 Bb5 38. Nf4 Kf6 39. Ne2 Ke7 40. Nc3 Be8 41. Ke1 Kd8
42. Kd2 Bd7 43. Nd1 Bb5 44. g3 hxg3 45. hxg3 Be8 46. Nc3 a6 47. a4 Kc7 48. b5
a5 49. Na2 b6 50. Nc1 Kb7 51. Nb3 {Diagramm #} Kc7 $4 ({Mit dieser Variante
ist das Spiel remis!!} 51... Bg6 52. Kc2 Kc7 53. Nc1 Kb7 54. Ne2 Bf7 55. Kd2
Kc7 56. Kc3 Kb7 57. Nf4 Kc8 58. c6 Kc7 ) 52. cxb6+ Kxb6 53. Nc5
Bf7 54. Nd7+ Kc7 55. Nf6 1-0

[Event "Lienz Open"]
[Site "?"]
[Date "2009.02.13"]
[Round "8"]
[White "Grundner, Alois"]
[Black "Frey, Armin"]
[Result "0-1"]
[ECO "A99"]
[WhiteElo "1890"]
[BlackElo "1999"]
[Annotator ",lois"]
[PlyCount "90"]
[TimeControl "240+2"]

{157MB, Fritz10.ctg, NAME-65104D6971} 1. d4 f5 2. g3 e6 3. Bg2 Nf6 4. Nf3 Be7
5. O-O O-O 6. c4 Qe8 7. Nc3 d6 8. Qc2 Nbd7 9. b3 Qh5 10. Bg5 ({Fritz 10: 1)} 
10. a3 c6 11. Rd1 e5 12. h3 Re8 13. dxe5 dxe5 14. b4 e4 15. Nd4 Ne5 16. c5 Nc4 ) ({Fritz 10: 2)} 10. Rd1 c6 11. h3 e5 12. a3 Re8 13. dxe5 dxe5
14. b4 e4 15. Nd4 Ne5 16. c5 Nc4 ) ({Fritz 10: 3)} 10. h3 c6 11.
Rd1 e5 12. a3 Re8 13. dxe5 dxe5 14. b4 e4 15. Nd4 Ne5 16. c5 Nc4 ) 10... h6 11. Bxf6 Nxf6 12. e3 g5 13. c5 Bd7 14. b4 Rae8 15. Rad1 Bd8 16. a4
e5 17. dxe5 dxe5 18. Nd5 {Diagramm: Sd5 scheint ein Fehler zu sein, ist es
aber nicht! #} Nxd5 19. Rxd5 Bc6 20. Nxe5 Bxd5 21. Bxd5+ Kg7 22. Bf7 {
Harakiri!!!!! Die anderen Fortsetzungen gewinnen.} ({Fritz 10:} 22. Nd7 Rf7 (
22... Rh8 23. Qc3+ Kh7 24. Bxb7 Qf7 25. Rd1 f4 26. e4 Qh5 27. Qd3 Rhg8 28. e5+
Kh8 29. b5 Be7 30. Bd5 Rg7 31. Nf6 Bxf6 32. exf6 Rd7 33. Qd4 Re5 34. f7 Qxd1+
35. Qxd1 Kg7 36. Qh5 Rdxd5 37. f8=Q+ Kxf8 38. Qxh6+ Kg8 39. Qg6+ Kf8 40. Qf6+
Kg8 41. c6 fxg3 42. hxg3 Rd1+ 43. Kg2 Rdd5 44. Qg6+ {+4,66!!}) 23. Bxf7 Qxf7
24. Rd1 Qe6 25. b5 g4 26. c6 bxc6 27. bxc6 Qe4 28. Qc3+ Kg6 29. a5 Qf3 30. Rd2
Kh7 ) ({Fritz 10:} 22. c6 b6 23. Nd7 f4 24. Nxf8 Rxf8 25. exf4
gxf4 26. Bc4 Qg6 27. Qxg6+ Kxg6 28. Re1 a5 29. bxa5 bxa5 30. Bd3+ ) 22... Rxf7 23. Nxf7 Qxf7 24. Rd1 Qe6 25. b5 Bf6 26. c6 bxc6 27. bxc6 Rd8
28. Rc1 Rd6 29. Qc5 Qd5 30. Qxa7 Rxc6 31. Rxc6 Qxc6 32. a5 Be7 33. a6 Bc5 34.
Qb7 Qxb7 35. axb7 Ba7 36. Kf1 Kf6 37. Ke2 g4 38. f3 h5 39. f4 Ke6 40. Kd3 Kd5
41. Kc3 Ke4 42. Kc4 Kxe3 43. Kd5 c5 44. b8=Q Bxb8 45. Kxc5 Bxf4 0-1

[Event "Lienz Open"]
[Site "?"]
[Date "2009.02.14"]
[Round "9"]
[White "Kassel, Dr., Walter"]
[Black "Grundner, Alois"]
[Result "1/2-1/2"]
[ECO "D66"]
[WhiteElo "1933"]
[BlackElo "1890"]
[Annotator ",lois"]
[PlyCount "163"]
[TimeControl "240+2"]

{157MB, Fritz10.ctg, NAME-65104D6971} 1. Nf3 d5 2. d4 Nf6 3. c4 e6 4. Nc3 c6 5.
Bg5 Nbd7 6. e3 Be7 7. Rc1 O-O 8. Bd3 h6 9. Bh4 dxc4 10. Bxc4 Nb6 11. Bd3 Nfd5
12. Bg3 Nxc3 13. bxc3 Nd5 14. e4 Nf6 ({Fritz 10:} 14... Nxc3 15. Rxc3 Bb4 16.
Kd2 c5 17. Qb3 Bxc3+ 18. Kxc3 cxd4+ 19. Kb2 f6 20. Rc1 Rf7 21. e5 f5 22. Bf4 ) 15. e5 Nd7 16. Qe2 Re8 17. O-O Nf8 18. Rfd1 b6 19. c4 Bb7 20. d5
cxd5 21. cxd5 Bxd5 22. Bb5 Nd7 {Diagramm #} 23. Rxd5 exd5 24. e6 Bc5 25. exf7+
(25. Bxd7 Qxd7 26. exd7 Rxe2 27. Bc7 Be7 (27... Rxa2 28. h3 Be7 29. Bb8 Kh7 30.
Rc8 a5 31. Be5 Ra7 32. d8=Q Bxd8 33. Rxd8 f6 34. Bd4 Rb7) 28. Bb8 Rxa2 29. Rc8+
Kh7 30. Be5) 25... Kxf7 26. Qd3 Nf6 27. Bxe8+ Qxe8 28. Re1 Qd8 $2 {Da4!} 29.
Bh4 d4 30. Ne5+ Kg8 31. Qg6 Qe8 32. Qd3 Qe6 33. Nf3 Qd6 34. Bg3 Qd5 35. Be5 Re8
36. Bxf6 Rxe1+ 37. Nxe1 Qe6 38. Qb3 Qxb3 39. axb3 gxf6 40. Kf1 Kf7 41. Ke2 Ke6
42. Kd3 b5 43. Ke4 a5 44. Nc2 f5+ 45. Kd3 Kd5 (45... Ke5 46. Ne1 Ke6) 46. f3 {
Diagramm #} {Hier wurde die Partie remis gegeben. So hätte sie weiterlaufen
können: Hier wurde die Partie remis gegeben. So hätte sieweiterlaufen können:}
Ke5 47. Kd2 Kf4 48. Ke2 h5 49. g3+ Ke5 50. Kd2 Ke6 51. Kd3 Kd5 52. h3 b4 53.
Ne1 a4 54. bxa4 b3 55. a5 Kc6 56. a6 Kb5 57. g4 Kxa6 58. gxh5 Bf8 59. f4 Kb5
60. Nf3 Bg7 61. Nd2 Kb4 62. Nc4 Bh6 63. Kxd4 Bxf4 64. h4 Bh6 65. Kd3 f4 66. Nd2
Ka3 67. Nc4+ Ka2 68. Kd2 b2 69. Nxb2 Kxb2 70. Ke1 Kc2 71. Kf2 Kc3 72. Kf3 Kd3
73. Kf2 Ke4 74. Ke2 f3+ 75. Kf2 Kf4 76. Ke1 Kg3 77. Kf1 f2 78. Ke2 Kg2 79. Kd3
f1=Q+ 80. Kc3 Qb5 81. Kd4 Kf1 82. Ke4 1/2-1/2